Zazza, neutral female human Tourist ------- |...[.| - ---------- ......| |`.........`. ##|<....| ##......| ..- --.---- ### # # # #### -|- ..B .@. ... Zazza the Sightseer Experience level: 4 Strength: 12 Dexterity: 8 Constitution: 18 Intelligence: 12 Wisdom: 8 Charisma: 18 Health: 0(37) Energy: 18(18) Def: 6 Gold: 1566 Moves: 2942 Dungeon seed: q3z6tPPL4kKY55F0 Game ID: Zazza_1598535764 Your Inventory: Coins $ - 1566 gold pieces Weapons a - 26 +2 darts (in quiver) b - a blessed +0 orcish dagger w - a blessed +3 orcish dagger G - a blessed +1 dagger (weapon in hand) Armor e - an uncursed +0 Hawaiian shirt (being worn) B - a blessed +0 alchemy smock H - an uncursed +0 elven mithril-coat (being worn) J - a cursed +0 pair of fumble boots K - an uncursed burnt +0 pair of leather gloves (being worn) Y - an uncursed +0 alchemy smock (being worn) Comestibles c - an uncursed fortune cookie d - 3 uncursed food rations h - 2 uncursed cram rations j - an uncursed egg A - an uncursed fortune cookie E - an uncursed slime mold M - 3 uncursed food rations Scrolls m - an uncursed scroll of magic mapping s - an uncursed scroll of enchant weapon x - an uncursed scroll of fire D - a cursed scroll of gold detection O - an uncursed scroll of remove curse P - an uncursed scroll of identify S - an uncursed scroll of teleportation Z - an uncursed scroll of taming Spellbooks V - an uncursed spellbook of clairvoyance Potions r - an uncursed potion of see invisible u - an uncursed potion of extra healing v - a blessed potion of gain ability z - an uncursed potion of sleeping F - a blessed potion of invisibility Q - an uncursed potion of sleeping R - a cursed potion of object detection T - an uncursed potion of object detection U - an uncursed potion of booze X - an uncursed potion of invisibility Rings g - a cursed -1 ring of gain constitution k - an uncursed +2 ring of protection C - an uncursed ring of warning W - an uncursed ring of shock resistance Wands l - a wand of teleportation (0:7) t - a wand of speed monster (0:8) L - a wand of sleep (0:4) Tools n - an expensive camera (0:65) o - an uncursed credit card I - an uncursed magic whistle Gems q - an uncursed worthless piece of white glass y - an uncursed worthless piece of orange glass N - 2 uncursed worthless pieces of yellow glass Spells and supernatural/magical abilities: Name Level Category Fail Memory W - pray for help -- divine ? -- Your skills at the end: Fighting Skills Weapon Skills dagger [Basic] dart [Basic] Spellcasting Skills Final Attributes: You were piously aligned. You were poison resistant. You were acid resistant. You were telepathic. You are dead. Vanquished creatures: a small mimic a shrieker a giant ant a floating eye a kitten a kobold lord an iguana an acid blob 2 coyotes a hobbit 4 giant rats a cave spider a yellow mold 5 garter snakes 5 geckos 8 jackals a fox 2 goblins a grid bug 4 lichens 2 kobold zombies 3 newts 48 creatures vanquished. Voluntary challenges: You used a wielded weapon 69 times, starting on turn 187. You read items or engraved 3 times, starting on turn 173. You never genocided any monsters. You never polymorphed an object. You never changed form. You used no wishes. You never split a pudding. You wrote Elbereth's name 1 time, starting on turn 173. You never violated your personal moral code. Dungeon overview: The Dungeons of Doom: levels 1 to 6 Level 1 a fountain a long staircase Level 2 a general store a long staircase Level 3 an armor shop Level 4 a general store, a fountain, a sink Level 5 a fountain Level 6 <- You were here History has recorded: On T:1 you entered the Dungeons of Doom to retrieve the Amulet of Yendor! On T:331 you reached level 2 of The Dungeons of Doom. On T:468 you advanced to experience level 2. On T:843 you reached level 3 of The Dungeons of Doom. On T:1122 you advanced to experience level 3. On T:1205 you reached level 4 of The Dungeons of Doom. On T:1261 you advanced to experience level 4. On T:2401 you reached level 5 of The Dungeons of Doom. On T:2907 you reached level 6 of The Dungeons of Doom. Score breakdown: Gold: 686 ( 9650 points) Experience: 4 levels ( 9649 points) Exploration: 6 levels ( 11.54%) ( 9393 points) Discoveries: 6 items ( 2.01%) ( 4256 points) Valuables value: (no points given unless you survive) Artifact value: 0 ( 0 points) Variety of kills: 22 monsters ( 5.77%) ( 7208 points) Turncount: 2942 turns ( -571 points) Survival: died (score multiplied by 80%) Total score: 31668 Latest messages: You see here a splint mail. You displace your little dog. You are hit by a crude dagger. You hear some noises. You see here a crude dagger. b - a crude dagger. You hear some noises in the distance. You miss the giant bat. The giant bat bites! The giant bat misses. The little dog misses the giant bat. The giant bat bites! (2x) The little dog misses the giant bat. (2x) The giant bat misses. The little dog misses the giant bat. (2x) The giant bat just misses! You hear some noises. The giant bat bites! You hear some noises in the distance. The giant bat bites! (2x) You miss the giant bat. The giant bat bites! You hit the giant bat. The giant bat bites! (2x) You die... Final status: Aloha Zazza the Tourist, killed by a giant bat... You died in The Dungeons of Doom on dungeon level 6 with 31668 points, and 1566 pieces of gold, after 2942 moves. You were level 4 with a maximum of 37 hit points when you died.